 Dungeon Crawl Stone Soup version 0.29-a0-113-g078de9bc30 (webtiles) character file.

Game seed: 12570876291422166758

100431 drugrobin the Fighter (level 15, -16/137 HPs)
             Began as a Demigod Warper on Feb 18, 2022.
             Killed from afar by a deep elf zephyrmancer (32 damage)
             ... with a bolt of lightning
             ... on level 1 of the Elven Halls on Feb 19, 2022.
             The game lasted 02:42:41 (42373 turns).

drugrobin the Fighter (Demigod Warper)             Turns: 42373, Time: 02:42:42

Health: -16/137    AC:  9    Str: 24    XL:     15   Next: 35%
Magic:  8/38       EV: 17    Int: 29    God:
Gold:   928        SH:  0    Dex: 23    Spells: 2/26 levels left

rFire   . . .      SeeInvis +   z - staff of conjuration
rCold   . . .      Faith    .   (no shield)
rNeg    . . .      Spirit   .   u - +0 troll leather armour
rPois   .          Reflect  .   Z - +0 hat {SInv}
rElec   .          Harm     .   Q - +0 cloak {Will+}
rCorr   .          Rampage  .   j - +2 pair of gloves {hurl}
Will    +++..                   n - +0 pair of boots
Stlth   +++.......              w - amulet of regeneration
HPRegen 1.92/turn               q - +6 ring of intelligence
MPRegen 0.26/turn               E - ring "Negoekk" {Will+ MP+9 Str+4 Dex+6}

@: marked
A: high MP 1, forlorn, divine attributes
a: no special abilities


You were on level 1 of the Elven Halls.
You visited 5 branches of the dungeon, and saw 25 of its levels.

You collected 2189 gold pieces.
You spent 1261 gold pieces at shops.

Inventory:

Hand Weapons
 a - a +4 lajatang of speed
 b - a +4 shortbow
 d - a +2 dagger of venom
 e - the +8 lance "Wyrmbane" {slay drac, rPois rF+ rC+ AC+3}
   (You found it on level 1 of the Elven Halls)

   It inflicts extra damage against dragons and draconians.
   AC:        It affects your AC (+3).
   rF:        It protects you from fire.
   rC:        It protects you from cold.
   rPois:     It protects you from poison.
Missiles
 f - 9 poisoned darts
 y - 9 javelins (quivered)
 A - 15 boomerangs
 U - 600 arrows
Armour
 j - a +2 pair of gloves of hurling (worn)
 n - a +0 pair of boots (worn)
 s - a +0 cloak of stealth
 u - a +0 troll leather armour (worn)
 Q - a +0 cloak of willpower (worn)
 Z - a +0 hat of see invisible (worn)
Magical Staves
 c - a staff of fire
 z - a staff of conjuration (weapon)
Jewellery
 p - a ring of flight
 q - a +6 ring of intelligence (left hand)
 w - an amulet of regeneration (around neck)
 x - a ring of fire
 E - the ring "Negoekk" (right hand) {Will+ MP+9 Str+4 Dex+6}
   (You found it on level 12 of the Dungeon)

   [ring of magical power]

   Str:       It affects your strength (+4).
   Dex:       It affects your dexterity (+6).
   MP:        It affects your magic capacity (+9).
   Will:      It increases your willpower.
 F - an amulet of guardian spirit
 G - a +4 ring of protection
Wands
 i - a wand of paralysis (13)
 m - a wand of iceblast (20)
 B - a wand of acid (14)
 D - a wand of charming (7)
 J - a wand of mindburst (30)
 N - a wand of flame (46)
 S - a wand of polymorph (14)
 V - a wand of digging (8)
Scrolls
 g - 6 scrolls of teleportation
 t - 3 scrolls of vulnerability
 v - a scroll of fear
 C - a scroll of summoning
 H - a scroll of enchant armour
 I - a scroll of blinking
 K - 5 scrolls of magic mapping
 L - 3 scrolls of acquirement {unknown}
 T - 3 scrolls of fog {unknown}
Potions
 h - 5 potions of flight
 k - 5 potions of magic
 l - 3 potions of invisibility
 o - 5 potions of haste
 M - 3 potions of cancellation
 O - 7 potions of brilliance
 P - 9 potions of curing
 R - 3 potions of heal wounds
 X - 3 potions of might
 Y - a potion of lignification
Miscellaneous
 r - a lightning rod (4/4)
 W - a tin of tremorstones (2/2)


   Skills:
 + Level 13.7 Fighting
 + Level 2.6(8.7) Polearms
 - Level 12.8(12.9) Staves
 - Level 0.8 Throwing
 - Level 0.8 Armour
 + Level 6.6 Dodging
 - Level 5.1 Stealth
 + Level 6.4 Spellcasting
 - Level 7.1 Conjurations
 - Level 7.2 Translocations
 - Level 8.0 Fire Magic
 + Level 10.0 Evocations


You had 2 spell levels left.
You knew the following spells:

 Your Spells              Type           Power      Damage    Failure   Level
a - Blink                 Tloc           100%       N/A       1%          2
b - Teleport Other        Tloc           51%        N/A       1%          3
c - Conjure Flame         Conj/Fire      69%        6-21      1%          3
d - Foxfire               Conj/Fire      100%       2x1d9     1%          1
e - Flame Wave            Conj/Fire      69%        2d13      2%          4
f - Iskenderun's Mystic   Conj/Tloc      67%        2d14      3%          4
g - Fireball              Conj/Fire      34%        3d14      8%          5
h - Wereblood             Tmut           9%         N/A       10%         2

Your spell library contained the following spells:

 Spells                   Type           Power      Damage    Failure   Level
 Beastly Appendage        Tmut           18%        N/A       6%          1
 Pain                     Necr           36%        1d5       6%          1
 Corpse Rot               Necr/Air       18%        N/A       10%         2
 Poisonous Vapours        Pois/Air       18%        N/A       10%         2
 Gell's Gravitas          Tloc           51%        N/A       1%          3
 Lesser Beckoning         Tloc           51%        N/A       1%          3
 Inner Flame              Hex/Fire       32%        N/A       3%          3
 Manifold Assault         Tloc           51%        N/A       9%          5
 Iskenderun's Battlesphe  Conj           66%        2d12      10%         5
 Fulminant Prism          Conj/Hex       22%        3d13      14%         4
 Ozocubu's Armour         Ice            9%         N/A       19%         3
 Spider Form              Tmut/Pois      9%         N/A       19%         3
 Summon Forest            Summ/Tloc      15%        N/A       36%         5
 Animate Dead             Necr           4%         N/A       52%         4
 Agony                    Necr           9%         N/A       86%         5
 Borgnjor's Vile Clutch   Necr/Erth      4%         N/A       86%         5
 Excruciating Wounds      Necr           4%         N/A       86%         5
 Lee's Rapid Deconstruct  Erth           4%         3d6*      86%         5
 Summon Mana Viper        Hex/Summ       9%         N/A       86%         5
 Conjure Ball Lightning   Conj/Air       22%        3x3d6     91%         6
 Orb of Destruction       Conj           33%        9d10      96%         7
 Death Channel            Necr           4%         N/A       100%        6
 Summon Cactus Giant      Summ           4%         N/A       100%        6
 Ozocubu's Refrigeration  Ice            4%         4d5       100%        7
 Storm Form               Tmut/Air       4%         N/A       100%        7


Dungeon Overview and Level Annotations

Branches:
Dungeon (15/15)            Temple (0/1) D:5            Lair (6/6) D:8
  Swamp (0/4) Lair:4        Snake (0/4) Lair:4        Slime (0/5) Lair:6
    Orc (2/2) D:11            Elf (1/3) Orc:2        Vaults (0/5) D:13
 Depths (1/4) D:15

Shops:
D:15 [   Orc:1 **:[   Orc:2 *[([   Elf:1 *

Annotations:
D:2 Sigmund
D:7 2 transporters, HarryHood's ghost, novice MiBe
Lair:2 3 runed translucent doors, Japrukh's ghost, journeyman DDEE
Lair:5 exclusion: 2 oklob plants


Innate Abilities, Weirdness & Mutations

You have an increased reservoir of magic. (+10% MP)
You shall have no god before yourself.
Your divine heritage dramatically boosts your attributes as you level up.


Message History

Aiming: Fireball (dangerous; 8% risk of failure)
Press: ? - help, Shift-Dir - straight line You feel a surge of power!
The fireball explodes!
The fireball engulfs the deep elf archer!!
The deep elf archer is heavily wounded.
The fireball engulfs the deep elf elementalist!
The deep elf elementalist is moderately wounded.
The fireball engulfs the earth elemental.
The earth elemental completely resists.
The deep elf archer shoots an arrow.
The arrow hits you.
* * * LOW HITPOINT WARNING * * *
Unknown command.
Unknown command.
Unknown command.
Unknown command.
Unknown command.
Unknown command.
Unknown command.
Casting: Fireball (dangerous; 8% risk of failure)
Confirm with . or Enter, or press ? or * to list all spells.
Aiming: Fireball (dangerous; 8% risk of failure)
Press: ? - help, Shift-Dir - straight line, f - deep elf elementalist
Aim: a deep elf elementalist, wielding a +0 short sword (moderately wounded, fast, repelling missiles)
You feel a surge of power!
The fireball explodes!
The fireball engulfs the deep elf elementalist!!
The deep elf elementalist is almost dead.
The fireball engulfs the deep elf archer!
The deep elf archer is severely wounded.
The fireball engulfs the +1 vorpal trident.
The +1 vorpal trident resists.
The +1 vorpal trident is lightly damaged.
The fireball engulfs the earth elemental.
The earth elemental completely resists.
The deep elf elementalist casts a spell at you.
Some walls begin to move on their own!
The deep elf zephyrmancer points at you and mumbles some strange words.
The bolt of lightning hits you!!
* * * LOW HITPOINT WARNING * * *
The bolt of lightning hits you!!
You die...

##.###.# ##.## #.E ##'##+#
##.####.# # ##...## ##..#..# #
## #.....########∩#.'## ##
.#######..(..)..........E.## #.
.'.....'....)####..e##.EE..# #>
.############# ##..##.#EE.+ +.
## ###########.''##EE...# ##
'## ##.........@E.ee(.#.(## ##
#.## #..........)..E..##+E# ##.
##.# #..###.###.#.##..##.##
##.# #####..##)#.###)###..##(#
##.## ####$..#e.......)....##.#
##.##
##..^....#...(........##3###.##
#.......#....#####''####.##.##
#..###.###.§## #..####3#'##
#..##.#.##..# #..#.....##


You could see a deep elf elementalist (fast, repels missiles), a deep elf archer
(repels missiles), 4 earth elementals, a deep elf zephyrmancer and a +1 vorpal
trident.

Vanquished Creatures
  Gastronok (Lair:2)
  A fire giant (D:12)
  A deep elf sorcerer (Elf:1)
  An orc warlord (Orc:2)
  Snorg (D:15)
  Josephine (D:11)
  9 hydras
  3 boulder beetles
  A catoblepas (D:14)
  3 centaur warriors
  2 dancing weapons (Elf:1)
  2 death knights
  7 two-headed ogres
  12 death yaks
  A tengu warrior (D:14)
  2 deep troll earth magi (D:15)
  A vampire mage (Depths:1)
  2 orc high priests (Orc:2)
  3 deep elf knights (Elf:1)
  5 skeletal warriors
  2 deep elf archers (Elf:1)
  4 lindwurms (Lair:3)
  A wolf spider zombie (D:15)
  5 deep elf zephyrmancers
  2 wizards
  Pikel (D:4)
  2 bog bodies (Lair:4)
  4 deep elf pyromancers
  2 necromancers
  3 orc knights
  4 cyclopes
  3 manticores
  3 orc sorcerers
  10 elephants
  7 black mambas
  A guardian serpent (shapeshifter) (D:14)
  A cane toad (shapeshifter) (D:15)
  A torpor snail (Lair:5)
  16 cane toads
  A naga mage (D:15)
  An unseen horror (D:12)
  2 rime drakes
  9 komodo dragons
  A yaktaur (D:15)
  A tengu conjurer (D:14)
  An efreet (D:14)
  2 polar bears (Lair:5)
  8 trolls
  2 tarantellas (shapeshifter)
  4 tyrant leeches
  12 blink frogs
  10 slime creatures
  An air elemental (Elf:1)
  3 shadows
  2 centaur simulacra (D:15)
  4 wyverns
  A vampire (D:12)
  2 water elementals (D:12)
  3 basilisks
  31 yaks
  Grum (D:8)
  9 wraiths
  A steam dragon (D:8)
  A fire elemental (Elf:1)
  A yak (shapeshifter) (D:13)
  23 vampire mosquitoes
  2 nagas (Lair:4)
  Menkaure (D:5)
  2 acid dragons
  3 wargs
  A two-headed ogre zombie (D:11)
  13 water moccasins
  2 sky beasts
  39 orc warriors
  An ice beast (D:6)
  A hornet zombie (D:15)
  4 swamp drakes (D:11)
  2 black bears (D:5)
  6 necrophages
  15 centaurs
  3 ogres
  18 wolves
  A phantom (D:11)
  19 bullfrogs
  Blork the orc (D:5)
  2 gnoll sergeants
  A kobold brigand (D:11)
  2 scorpions
  2 troll zombies (D:11)
  9 killer bees
  12 wights
  5 electric eels
  26 orc priests
  A bullfrog zombie (D:5)
  A jelly (D:6)
  A gnoll shaman (D:9)
  3 centaur skeletons
  Jessica (D:2)
  An iguana (D:4)
  37 orc wizards
  5 ogre zombies (D:11)
  8 adders
  8 gnolls
  A howler monkey skeleton (D:7)
  2 shadow imps
  A white imp (D:6)
  An ufetubus (D:4)
  An adder zombie (D:5)
  An adder skeleton (D:5)
  2 dart slugs (D:1)
  108 orcs
  4 ball pythons
  7 bats
  3 endoplasms
  2 giant cockroaches (D:3)
  7 hobgoblins
  5 jackals
  13 kobolds
  2 quokkas
  4 frilled lizards
  6 goblins
  A goblin skeleton (D:11)
  3 goblin zombies (D:11)
  2 hobgoblin skeletons (D:11)
  3 hobgoblin zombies (D:11)
  3 orc skeletons (D:11)
  13 orc zombies (D:11)
  8 rats
  A butterfly (Lair:3)
731 creatures vanquished.

Vanquished Creatures (collateral kills)
  A centaur (D:8)
  A kobold brigand (D:8)
  A bullfrog (D:9)
  A killer bee (D:9)
  A centaur zombie (D:9)
  2 orcs (D:8)
  A foxfire (Lair:6)
8 creatures vanquished.

Vanquished Creatures (others)
  570 foxfires
  49 fungi
  103 plants
722 creatures vanquished.

Grand Total: 1461 creatures vanquished

Notes
Turn   | Place    | Note
-------+----------+-------------------------------------------
     0 | D:1      | drugrobin the Demigod Warper began the quest for the Orb.
     0 | D:1      | Reached XP level 1. HP: 17/17 MP: 5/5
    61 | D:1      | Reached skill level 2 in Fighting
   468 | D:1      | Reached XP level 2. HP: 24/25 MP: 7/7
   515 | D:1      | Learned a level 2 spell: Blink
   650 | D:1      | Reached skill level 3 in Fighting
   934 | D:2      | Noticed Sigmund
   973 | D:1      | Reached XP level 3. HP: 30/31 MP: 8/8
  1380 | D:2      | Noticed Jessica
  1386 | D:2      | Killed Jessica
  1387 | D:2      | Reached skill level 4 in Fighting
  1444 | D:2      | Reached XP level 4. HP: 16/40 MP: 9/9
  2182 | D:3      | Learned a level 3 spell: Teleport Other
  3266 | D:4      | Reached skill level 1 in Stealth
  3266 | D:4      | Reached XP level 5. HP: 32/47 MP: 10/10
  3707 | D:4      | Reached skill level 1 in Staves
  3954 | D:4      | You are sucked into a shaft and drop 3 floors!
  4003 | D:5      | Entered Level 5 of the Dungeon
  4003 | D:5      | Found a staircase to the Ecumenical Temple.
  4040 | D:5      | Noticed Pikel
  4055 | D:5      | Noticed Menkaure
  4148 | D:5      | Noticed a sky beast
  4200 | D:5      | Noticed a black bear
  4478 | D:6      | Reached skill level 5 in Fighting
  4718 | D:6      | Noticed a centaur
  4720 | D:6      | Reached XP level 6. HP: 45/56 MP: 11/11
  4998 | D:5      | Noticed Blork the orc
  5311 | D:5      | Killed Menkaure
  5312 | D:5      | Reached XP level 7. HP: 48/62 MP: 12/12
  5414 | D:4      | Killed Pikel
  5415 | D:4      | Reached skill level 6 in Fighting
  5864 | D:5      | Reached XP level 8. HP: 71/71 MP: 13/13
  5895 | D:5      | Reached skill level 5 in Stealth
  6245 | D:5      | Killed Blork the orc
  6497 | D:5      | Reached skill level 5 in Staves
  6683 | D:6      | Reached skill level 7 in Fighting
  7608 | D:7      | Found a transporter.
  7642 | D:7      | Noticed HarryHood's ghost (novice MiBe)
  7780 | D:7      | Found a transporter.
  8253 | D:7      | Reached XP level 9. HP: 77/80 MP: 14/14
  8767 | D:8      | Reached skill level 1 in Evocations
  8929 | D:8      | Noticed a death yak
  9726 | D:8      | Noticed Grum
  9755 | D:8      | Killed Grum
  9756 | D:8      | Reached skill level 8 in Fighting
  9756 | D:8      | Reached skill level 5 in Translocations
 10017 | D:8      | Found a staircase to the Lair.
 10018 | D:8      | Noticed a death yak
 10026 | D:8      | Noticed a death yak
 10599 | D:8      | Reached skill level 1 in Conjurations
 11261 | D:9      | Reached XP level 10. HP: 11/90 MP: 13/15
 11602 | D:9      | Noticed a boulder beetle
 12109 | Lair:1   | Entered Level 1 of the Lair of Beasts
 12150 | Lair:1   | Learned a level 3 spell: Conjure Flame
 12501 | Lair:1   | Reached skill level 9 in Fighting
 12967 | Lair:1   | Reached skill level 5 in Evocations
 13292 | Lair:1   | Noticed an eight-headed hydra
 13389 | Lair:1   | Killed an eight-headed hydra
 13804 | Lair:2   | Learned a level 1 spell: Foxfire
 13856 | Lair:2   | Found a runed translucent gate.
 13856 | Lair:2   | Found a runed translucent gate.
 13856 | Lair:2   | Found a runed translucent gate.
 13856 | Lair:2   | Noticed Japrukh's ghost (journeyman DDEE)
 14337 | Lair:2   | Noticed an elephant
 14339 | Lair:2   | Noticed an elephant
 14339 | Lair:2   | Noticed an elephant
 14340 | Lair:2   | Noticed an elephant
 14344 | Lair:2   | Noticed an elephant
 14344 | Lair:2   | Noticed an elephant
 14345 | Lair:2   | Noticed an elephant
 14345 | Lair:2   | Noticed an elephant
 14345 | Lair:2   | Noticed an elephant
 14348 | Lair:2   | Noticed an elephant
 14422 | Lair:2   | Killed an elephant
 14666 | Lair:1   | Killed an elephant
 14667 | Lair:1   | Reached XP level 11. HP: 50/97 MP: 6/17
 14936 | Lair:2   | Noticed a seven-headed hydra
 14974 | Lair:2   | Killed a seven-headed hydra
 15609 | Lair:2   | Noticed a five-headed hydra
 15643 | Lair:2   | Killed a five-headed hydra
 15824 | Lair:2   | Reached skill level 10 in Fighting
 16330 | Lair:1   | Reached skill level 1 in Fire Magic
 17343 | Lair:3   | Noticed a lindwurm
 17345 | Lair:3   | Noticed a lindwurm
 17345 | Lair:3   | Noticed a lindwurm
 17345 | Lair:3   | Noticed a lindwurm
 17988 | Lair:3   | Killed a lindwurm
 18196 | Lair:3   | Killed a lindwurm
 18347 | Lair:3   | Killed a lindwurm
 18640 | Lair:3   | Noticed a death yak
 18641 | Lair:3   | Noticed Gastronok
 18641 | Lair:3   | Noticed a death yak
 18696 | Lair:3   | Noticed a death yak
 18696 | Lair:3   | Noticed a death yak
 18776 | Lair:2   | Killed a death yak
 18784 | Lair:2   | Killed a death yak
 19032 | Lair:2   | Learned a level 4 spell: Flame Wave
 19055 | Lair:3   | Noticed a death yak
 19188 | Lair:2   | Killed a death yak
 19541 | Lair:2   | Killed a death yak
 19542 | Lair:2   | Reached XP level 12. HP: 69/108 MP: 9/18
 20263 | Lair:2   | Killed Gastronok
 20447 | Lair:3   | Reached skill level 11 in Fighting
 21134 | Lair:4   | Found a staircase to the Swamp.
 21149 | Lair:4   | Reached skill level 10 in Staves
 21586 | Lair:4   | Noticed a four-headed hydra
 21618 | Lair:4   | Killed a four-headed hydra
 21950 | Lair:4   | Found a staircase to the Snake Pit.
 23015 | Lair:5   | Reached skill level 5 in Fire Magic
 24562 | Lair:5   | Noticed a boulder beetle
 24688 | Lair:5   | Killed a boulder beetle
 24819 | Lair:6   | Entered Level 6 of the Lair of Beasts
 24906 | Lair:6   | Noticed a six-headed hydra
 25338 | Lair:5   | Reached XP level 13. HP: 103/117 MP: 22/22
 25356 | Lair:5   | Learned a level 4 spell: Iskenderun's Mystic Blast
 26213 | Lair:6   | Reached skill level 5 in Conjurations
 26397 | Lair:6   | Reached skill level 12 in Fighting
 27429 | Lair:6   | Found a staircase to the Slime Pits.
 27576 | Lair:6   | Identified the +1 robe of the Final Stars {rPois}
 28016 | D:9      | Identified the +6 dagger of Impermanence {freeze, rElec
                  | Dex+4}
 28395 | D:10     | Entered Level 10 of the Dungeon
 29819 | D:11     | Noticed Josephine
 29827 | D:11     | Killed Josephine
 30410 | D:11     | Found a staircase to the Orcish Mines.
 30995 | D:12     | Reached XP level 14. HP: 54/127 MP: 12/25
 31066 | D:12     | Learned a level 5 spell: Fireball
 31096 | D:12     | Noticed a fire giant
 32069 | D:12     | Killed a fire giant
 32365 | D:12     | Identified the ring "Negoekk" {Will+ MP+9 Str+4 Dex+6}
 33063 | D:13     | Reached skill level 5 in Spellcasting
 33997 | D:13     | Found a gate to the Vaults.
 34347 | D:14     | Noticed Snorg
 34514 | D:14     | Reached skill level 13 in Fighting
 36038 | D:15     | Entered Level 15 of the Dungeon
 36148 | D:14     | Reached skill level 5 in Dodging
 36695 | D:15     | Found Rearcham's Antique Armour Boutique.
 36752 | D:15     | Bought a pair of glowing gloves for 262 gold pieces
 37023 | D:15     | Killed Snorg
 37401 | D:15     | Found a staircase to the Depths.
 37644 | Depths:1 | Entered Level 1 of the Depths
 37968 | Orc:1    | Entered Level 1 of the Orcish Mines
 37968 | Orc:1    | Found Saack's Assorted Antiques.
 38011 | Orc:1    | Bought a scroll labelled LAYTUW VAENOIKK for 30 gold pieces
 38308 | Orc:1    | Found Fufoock's Book Emporium.
 38411 | Orc:1    | Found Pinido's Armour Shop.
 38884 | Orc:2    | Entered Level 2 of the Orcish Mines
 38884 | Orc:2    | Found a staircase to the Elven Halls.
 38967 | Orc:2    | Reached XP level 15. HP: 136/136 MP: 28/28
 39338 | Orc:1    | Learned a level 2 spell: Wereblood
 39391 | Orc:2    | Found Exunakk's Assorted Antiques.
 39407 | Orc:2    | Bought a scroll labelled YHYAHIELUT for 32 gold pieces
 39407 | Orc:2    | Bought a scroll labelled LAYTUW VAENOIKK for 32 gold pieces
 39799 | Orc:1    | Found Odiod's General Store.
 40108 | Orc:2    | Found Zaytut's Antique Armour Shop.
 40114 | Orc:2    | Bought a steaming scale mail for 324 gold pieces
 40114 | Orc:2    | Identified the +1 scale mail of the Worm {rF+} (You bought
                  | it in a shop on level 2 of the Orcish Mines)
 40114 | Orc:2    | Bought a pitted leather armour for 252 gold pieces
 40114 | Orc:2    | Identified the +1 leather armour of Aqefuch {+Inv rPois
                  | Slay-2 SInv} (You bought it in a shop on level 2 of the
                  | Orcish Mines)
 41150 | Orc:2    | Found Korheriu's Antique Weapon Shoppe.
 41154 | Orc:2    | Found Qiuhyatu's Antique Armour Emporium.
 41161 | Orc:2    | Bought a glowing cloak for 255 gold pieces
 41521 | Elf:1    | Entered Level 1 of the Elven Halls
 41521 | Elf:1    | Found Zusiagi's Assorted Antiques.
 41536 | Elf:1    | Bought a scroll labelled YHYAHIELUT for 37 gold pieces
 41536 | Elf:1    | Bought a scroll labelled UDAINU WOEFRE for 37 gold pieces
 41615 | Elf:1    | Found the +8 lance "Wyrmbane" {slay drac, rPois rF+ rC+
                  | AC+3}
 42353 | Elf:1    | Reached skill level 10 in Evocations
 42373 | Elf:1    | Killed from afar by a deep elf zephyrmancer

Illustrated notes

Levels and vault maps discovered:
D:1:      dpeg_arrival_arbitrary_b, layout_basic
D:2:      minmay_alternating_diamond, layout_loops_ring, basic_ecumenical_altar,
          uniq_jessica, uniq_sigmund
D:3:      layout_loops_ring, grunt_ministairs_11
D:4:      layout_basic
D:5:      layout_basic, temple_pool_b, minmay_a_box_with_orc_wizards_in_it,
          uniq_blork_the_orc, uniq_pikel, uniq_menkaure
D:6:      layout_cave_pools, hangedman_minor_gate_pass
D:7:      layout_cave_pods, gammafunk_ghost_stat_death
D:8:      layout_basic, dpeg_lair_monsters, uniq_grum
D:9:      layout_rooms, kennysheep_mini
D:10:     layout_loops_corners
D:11:     layout_basic, zombieorc2_lemuel, pond, uniq_josephine
D:12:     nzn_winding_woodlands_cross
          [nzn_winding_woodlands_5x15_river_crossing,
          nzn_winding_woodlands_5x15_longhouse,
          nzn_winding_woodlands_5x15_default,
          nzn_winding_woodlands_5x15_default,
          nzn_winding_woodlands_15x15_eel_pit], layout_long_grid,
          kennysheep_another_room, item_on_display_a
D:13:     layout_layer_cave, david_vaults_1
D:14:     layout_loops_ring, okawaru_metal_pillars_1_2, uniq_snorg
D:15:     grunt_enter_depths_magical_seal, layout_basic, minmay_crystal_room,
          serial_shops, shop
Lair:1:   layout_misc_corridors
Lair:2:   layout_long_grid, ebering_ghost_rock_garden, basic_altar
Lair:3:   layout_layer_cave, chequers_serial_rivers_large_a,
          nicolae_lair_lindhole, lemuel_fruit_fields, uniq_gastronok
Lair:4:   layout_layer_cave, skrybe_swamp_entry_bodies,
          guppyfry_snake_entry_garden, roderic_carrion_pond
Lair:5:   minmay_lair_oklob_chamber, layout_long_grid
Lair:6:   minmay_lair_end_frog_pond, layout_long_grid,
          dpeg_slime_entry_enclosed_altar
Orc:1:    layout_caves, serial_shops, shop_statue, shop_statue, shop, shop,
          basic_altar, nicolae_orc_bridge_out
Orc:2:    grunt_orc_community_town_hall, layout_diamond_mine,
          grunt_orc_community_big_house_1, grunt_orc_community_big_house_2,
          grunt_orc_community_house_1, grunt_orc_community_house_1,
          grunt_orc_community_house_3, grunt_orc_community_house_2,
          grunt_orc_community_house_3, grunt_orc_community_house_2
Elf:1:    layout_geoelf_grid, serial_shops, shop, hangedman_corner_corridor,
          lemuel_upstairs_altar
Depths:1: kennysheep_treasure_stockpile, layout_basic, hellmouth_1,
          chequers_decorated_corner, nicolae_shop_gadgets, uniq_sojobo

Skill      XL: |  1  2  3  4  5  6  7  8  9 10 11 12 13 14 15 |
---------------+----------------------------------------------+-----
Fighting       | 2 3 4 5 6 7 8 9 10 11 12 13 | 13.7
Stealth        | 1 2 3 4 5 |  5.1
Staves         | 2 3 4 5 7 8 9 10 11 12 | 12.8
Translocations | 4 5 6 7 |  7.2
Evocations     | 3 5 7 8 9 10 | 10.0
Conjurations   | 1 4 6 7 |  7.1
Fire Magic     | 3 5 7 8 |  8.0
Spellcasting   | 4 5 6 |  6.4
Dodging        | 3 5 6 |  6.6
Polearms       | 2 |  2.6
Throwing       | |  0.8
Armour         | |  0.8

Action                   |  1- 3 |  4- 6 |  7- 9 | 10-12 | 13-15 || total
-------------------------+-------+-------+-------+-------+-------++-------
Melee: Spear             |   140 |    70 |       |       |       ||   210
       Punch             |     1 |       |       |     2 |    19 ||    22
       Lajatang          |       |   138 |   367 |   665 |   593 ||  1763
       Unarmed           |       |     2 |    29 |       |       ||    31
       Dagger            |       |       |    58 |    54 |     4 ||   116
       Staff             |       |       |       |    64 |   631 ||   695
       Lance             |       |       |       |       |    17 ||    17
 Fire: Hunting sling     |       |    10 |     5 |       |       ||    15
       Shortbow          |       |       |     6 |    56 |    12 ||    74
Throw: Stone             |     7 |     5 |       |       |       ||    12
       Boomerang         |     3 |     1 |    30 |    26 |       ||    60
       Javelin           |       |       |       |     1 |    18 ||    19
       Dart              |       |       |       |       |     4 ||     4
 Cast: Blink             |       |     3 |    11 |    54 |    60 ||   128
       Teleport Other    |       |       |     1 |     4 |    12 ||    17
       Conjure Flame     |       |       |       |    26 |    33 ||    59
       Foxfire           |       |       |       |    24 |   324 ||   348
       Flame Wave        |       |       |       |       |    45 ||    45
       Iskenderun's Myst |       |       |       |       |    29 ||    29
       Fireball          |       |       |       |       |   103 ||   103
       Wereblood         |       |       |       |       |     2 ||     2
Evoke: Wand              |       |     1 |     3 |     3 |     8 ||    15
       Lightning rod     |       |       |       |       |    10 ||    10
       Tin of tremorston |       |       |       |       |     1 ||     1
  Use: Scroll            |       |     2 |    11 |     3 |    21 ||    37
       Potion            |       |     1 |     1 |       |     1 ||     3
 Stab: Sleeping          |       |       |     3 |     2 |     5 ||    10
       Distracted        |       |       |     1 |       |     1 ||     2
       Paralysed         |       |       |       |     1 |       ||     1
Armor: Ring mail         |    48 |   124 |   204 |   311 |   116 ||   803
       Leather armour    |     2 |       |       |       |       ||     2
       Skin              |       |       |     3 |       |       ||     3
       Robe              |       |       |       |       |   142 ||   142
       Troll leather arm |       |       |       |       |    47 ||    47
Dodge: Dodged            |    71 |   170 |   236 |   350 |   674 ||  1501

Table legend: (Time is in decaauts)
 A = Elapsed time spent in this place.
 B = Non-inter-level travel time spent in this place.
 C = Inter-level travel time spent in this place.
 D = Time resting spent in this place.
 E = Time spent auto-exploring this place.
 F = Levels seen in this place.
 G = Mean time per level.
                   A        B        C        D        E       F      G
               +--------+--------+--------+--------+--------+-----+--------+
         Total |  41531 |  39932 |   1599 |   8324 |  20520 |  25 | 1661.2 |
       Dungeon |  21831 |  21033 |    798 |   4000 |  11407 |  15 | 1455.4 |
          Lair |  15448 |  14834 |    614 |   4036 |   7071 |   6 | 2574.7 |
  Orcish Mines |   3404 |   3218 |    186 |    105 |   1842 |   2 | 1702.0 |
   Elven Halls |    825 |    825 |      0 |    173 |    200 |   1 |  825.0 |
        Depths |     20 |     20 |      0 |      9 |      0 |   1 |   20.0 |
               +--------+--------+--------+--------+--------+-----+--------+

Top non-repeatable levels by time:
  Lair:2: 3758 daAuts
  Lair:1: 2818 daAuts
  Lair:5: 2643 daAuts
     D:8: 2413 daAuts
  Lair:3: 2347 daAuts
   Orc:2: 2249 daAuts
  Lair:4: 2102 daAuts
    D:14: 1935 daAuts
    D:12: 1788 daAuts
  Lair:6: 1777 daAuts
     D:7: 1644 daAuts
    D:13: 1633 daAuts
     D:6: 1541 daAuts
    D:15: 1436 daAuts
     D:5: 1428 daAuts
